 Dungeon Crawl Stone Soup version 0.18-a0-1497-g788d838 (webtiles) character file.

7446 Karasique the Slicer (level 11, -2/75 (78) HPs)
             Began as a Kobold Artificer on Mar 4, 2016.
             Was a Believer of Nemelex Xobeh.
             Slain by a four-headed hydra (16 damage)
             ... on level 2 of the Lair of Beasts.
             The game lasted 00:31:20 (13413 turns).

Karasique the Slicer (Kobold Artificer)            Turns: 13413, Time: 00:31:20

HP:   -2/75 (78)    AC:  9    Str: 10    XL:     11   Next: 37%
MP:   16/16         EV: 24    Int:  5    God:    Nemelex Xobeh [**....]
Gold: 55            SH:  6    Dex: 20    Spells: 0 memorised, 10 levels left

rFire  . . .     SeeInvis .     i - +0 dagger (venom)
rCold  + . .     Gourm    .     B - +2 leather armour {rC+}
rNeg   . . .     Faith    .     (shield restricted)
rPois  +         Spirit   .     G - +0 hat
rElec  .         Dismiss  .     a - +0 cloak {rPois}
rCorr  .         Reflect  +     T - +0 pair of gloves "Faurphukk" {MR+}
SustAt .         Harm     .     R - +1 pair of boots
MR     +....                    Q - +6 amulet of reflection
Stlth  ++........               k - ring of flight
                                C - -5 ring of intelligence (curse)

@: somewhat resistant to hostile enchantments, unstealthy
A: horns 1, blurry vision 1, carnivore 3, low mp 1, robust 1, sturdy frame 1
a: Renounce Religion, Evoke Flight


You were on level 2 of the Lair of Beasts.
You worshipped Nemelex Xobeh.
Nemelex Xobeh was pleased with you.
You were completely stuffed.

You visited 3 branches of the dungeon, and saw 13 of its levels.

You collected 568 gold pieces.
You spent 513 gold pieces at shops.

Inventory:

Hand Weapons
 i - a +0 dagger of venom (weapon)
Armour
 a - a +0 cloak of poison resistance (worn)
 x - a +2 robe of magic resistance
 B - a +2 leather armour of cold resistance (worn)
 G - a +0 hat (worn)
 R - a +1 pair of boots (worn)
 T - the +0 pair of gloves "Faurphukk" (worn) {MR+}
   (You bought it in a shop on level 10 of the Dungeon)

   It affects your resistance to hostile enchantments.
Jewellery
 k - a ring of flight (right hand)
 C - a cursed -5 ring of intelligence (left hand)
 M - an uncursed amulet of rage {unknown}
 Q - a +6 amulet of reflection (around neck)
Wands
 c - a wand of flame (10/48)
 d - a wand of enslavement (10/24)
 e - a wand of random effects (3/48)
 q - a wand of hasting (2/9)
 y - a wand of iceblast (0/15)
Scrolls
 h - 2 scrolls of recharging {unknown}
 j - 2 scrolls of magic mapping
 m - a scroll of fear
 s - 4 scrolls of amnesia
 w - a scroll of enchant weapon
 A - 3 scrolls of identify
 D - 8 scrolls of remove curse
 J - 5 scrolls of teleportation
 L - a scroll of vulnerability {unknown}
 N - a scroll of immolation
 O - a scroll of torment {unknown}
Potions
 b - 2 potions of ambrosia
 g - 4 potions of curing
 n - a potion of berserk rage
 p - a potion of beneficial mutation
 r - a potion of resistance
 t - 2 potions of degeneration
 v - 3 potions of brilliance
 E - 4 potions of flight
 H - a potion of lignification
 I - 5 potions of heal wounds
 P - a potion of haste
Miscellaneous
 o - a plain deck of war
 z - a plain deck of escape {drawn: 1}
 F - a plain deck of escape
 K - a plain deck of war
 S - a plain deck of escape
 U - a plain deck of war
Comestibles
 f - 3 meat rations
 l - a slice of pizza
 u - 2 beef jerkies


   Skills:
 + Level 9.5 Fighting
 + Level 10.9 Short Blades
 + Level 10.5 Dodging
 - Level 1.3 Stealth
 + Level 10.4 Evocations


You had 10 spell levels left.
You didn't know any spells.

Dungeon Overview and Level Annotations

Branches:
Dungeon (10/15)            Temple (1/1) D:7            Lair (2/8) D:8
    Orc: D:9-12

Altars:
Ashenzari
Cheibriados
Dithmenos
Elyvilon
Gozag
Kikubaaqudgha
Makhleb
Nemelex Xobeh
Okawaru
Qazlal
Ru
Sif Muna
Trog
Vehumet
Yredelemnul
Zin
The Shining One

Shops:
D:5 [   D:6 =   D:8 (:?   D:9 :   D:10 *[

Annotations:
D:10 Goblin1989's ghost, novice DsGl


Innate Abilities, Weirdness & Mutations

You are small and have problems with some larger weapons.
You are carnivorous and can eat meat at any time.
You have a pair of small horns on your head.
Scrolls take you a little longer to read.
Your magical capacity is low (-10% MP).
You are robust (+10% HP).
Your movements are slightly less encumbered by armour (ER -2).


Message History

The four-headed hydra is moderately wounded.
You hit the four-headed hydra.
The four-headed hydra is moderately wounded.
The four-headed hydra bites you but does no damage.
The four-headed hydra misses you. The four-headed hydra bites you!
The four-headed hydra bites you but does no damage.
Evoke which item? (* to show all) (? for menu, Esc to quit)
Zapping:
y - a wand of iceblast {zapped: 3} (will waste charges)
Press: ? - help, Shift-Dir - straight line, f - four-headed hydra
Aim: a four-headed hydra (moderately wounded, poisoned)
The mass of ice explodes!
The iceblast engulfs the four-headed hydra.
The four-headed hydra is heavily wounded.
Evoking this partially-identified wand wasted a few charges.
Your skill with magical items lets you calculate the power of this device...
This wand has 0 charges left.
You hear a loud, deep croak!
The four-headed hydra bites you! x2
You die...
Your body disappears without a glow.

##.........
#..........
...
##........ ..
#........ ..
#........ .
##.####+## .#
#..####+###.#
##.##.......#
#.....@D...#
##.........#
#.##......#
#.++......+
#.##.###.P.P
#.###. #.#.#.
#.. . .......
#. ........


You could see a four-headed hydra.

Vanquished Creatures
  A hill giant (D:10)
  A black mamba (Lair:1)
  2 komodo dragons (Lair:1)
  A blink frog (Lair:1)
  Sigmund (D:3)
  A spriggan (Lair:1)
  A hippogriff (D:7)
  3 yaks (D:9)
  A hungry ghost (D:9)
  Edmund (D:3)
  4 water moccasins
  Duvessa (D:7)
  2 hell hounds (D:8)
  An ice beast (D:10)
  A porcupine (Lair:2)
  2 orc warriors
  4 sky beasts
  3 ogres
  2 necrophages
  A centaur (D:7)
  A crocodile (Lair:1)
  A big kobold (D:2)
  4 giant frogs (Lair:1)
  Dowan (D:7)
  8 killer bees
  A scorpion (D:5)
  3 howler monkeys
  2 electric eels (Lair:1)
  A centaur zombie (D:5)
  3 crimson imps
  3 giant frog zombies
  7 hounds
  A jelly (D:7)
  Crazy Yiuf (D:6)
  6 orc priests
  Ijyb (D:3)
  7 iguanas
  8 orc wizards
  Terence (D:3)
  6 worker ants
  A hound zombie (D:6)
  A hound skeleton (D:3)
  2 worker ant zombies (D:5)
  12 adders
  12 gnolls
  A howler monkey skeleton (D:7)
  3 shadow imps
  3 adder skeletons (D:3)
  2 worms
  2 dart slugs
  9 giant geckos
  28 orcs
  14 bats
  6 giant cockroaches
  30 goblins
  26 hobgoblins
  19 jackals
  8 kobolds
  2 quokkas
  2 ball pythons
  A giant cockroach zombie (D:3)
  2 giant gecko skeletons (D:3)
  5 giant newts
  4 quokka skeletons
  7 rats
302 creatures vanquished.

Vanquished Creatures (collateral kills)
  A hobgoblin (D:3)
  A kobold (D:3)
2 creatures vanquished.

Vanquished Creatures (others)
  A worker ant (D:3)
  A gnoll (D:3)
2 creatures vanquished.

Grand Total: 306 creatures vanquished

Notes
Turn   | Place    | Note
--------------------------------------------------------------
     0 | D:1      | Karasique the Kobold Artificer began the quest for the Orb.
     0 | D:1      | Reached XP level 1. HP: 12/12 MP: 3/3
   317 | D:1      | Reached XP level 2. HP: 13/16 MP: 4/4
   580 | D:1      | Reached XP level 3. HP: 19/21 MP: 5/5
  1184 | D:2      | Reached XP level 4. HP: 26/26 MP: 7/7
  2358 | D:3      | Reached XP level 5. HP: 22/31 MP: 8/8
  2476 | D:3      | Noticed Ijyb
  2519 | D:3      | Killed Ijyb
  2660 | D:3      | Noticed Sigmund
  2747 | D:3      | Killed Sigmund
  2747 | D:3      | Reached skill level 5 in Evocations
  2747 | D:3      | Reached XP level 6. HP: 36/38 MP: 9/9
  2776 | D:3      | Noticed Terence
  2837 | D:3      | Killed Terence
  3146 | D:3      | Found a radiant altar of Vehumet.
  3371 | D:3      | Reached XP level 7. HP: 34/42 MP: 11/11
  4380 | D:3      | Reached skill level 5 in Dodging
  5456 | D:4      | Noticed Edmund
  5519 | D:3      | Killed Edmund
  5519 | D:3      | Reached skill level 5 in Short Blades
  5519 | D:3      | Reached XP level 8. HP: 22/48 MP: 12/12
  6102 | D:4      | Reached skill level 5 in Fighting
  6305 | D:5      | Entered Level 5 of the Dungeon
  6711 | D:5      | Found an iron altar of Okawaru.
  6715 | D:5      | Found a shattered altar of Ashenzari.
  6766 | D:5      | Found Jouwiuts's Armour Boutique.
  6771 | D:5      | Bought a +0 cloak of poison resistance for 127 gold pieces
  7050 | D:5      | Reached XP level 9. HP: 48/55 MP: 14/14
  7427 | D:5      | Gained mutation: Scrolls take you a little longer to read. [mutagenic meat]
  7428 | D:5      | Gained mutation: You have a pair of small horns on your head. [mutagenic meat]
  7429 | D:5      | Gained mutation: Your magical capacity is low (-10% MP). [mutagenic meat]
  7430 | D:5      | Gained mutation: Your movements are slightly less encumbered by armour (ER -2). [mutagenic meat]
  7479 | D:5      | Gained mutation: You are robust (+10% HP). [mutagenic meat]
  8285 | D:6      | Noticed Crazy Yiuf
  8297 | D:6      | Killed Crazy Yiuf
  8326 | D:6      | Found Gucirr's Jewellery Shoppe.
  8594 | D:7      | Found a staircase to the Ecumenical Temple.
  8622 | Temple   | Entered the Ecumenical Temple
  8633 | Temple   | Became a worshipper of Nemelex Xobeh the Trickster
  8744 | D:7      | Received a gift from Nemelex Xobeh
  8797 | D:7      | Noticed Duvessa
  8813 | D:7      | Noticed Dowan
  8843 | D:7      | Killed Duvessa
  8895 | D:7      | Killed Dowan
  9078 | D:7      | Reached XP level 10. HP: 66/66 MP: 14/14
  9089 | D:7      | Found an opulent altar of Gozag.
  9089 | D:7      | Found a snail-covered altar of Cheibriados.
  9741 | D:8      | Found Askigred's Book Emporium.
  9768 | D:8      | Received a gift from Nemelex Xobeh
  9768 | D:8      | Found a staircase to the Lair.
  9823 | D:8      | Reached * piety under Nemelex Xobeh
  9956 | D:8      | Found Siffyo's Magic Scroll Boutique.
  9964 | D:8      | Bought a scroll of teleportation for 30 gold pieces
  9964 | D:8      | Bought a scroll of blinking for 75 gold pieces
 10046 | D:8      | Found Zumazxou's Antique Weapon Shop.
 10183 | D:9      | Found Zues's Book Emporium.
 10461 | D:9      | Found a basalt altar of Yredelemnul.
 11101 | D:9      | Received a gift from Nemelex Xobeh
 11142 | D:9      | Found a white marble altar of Elyvilon.
 11211 | D:10     | Entered Level 10 of the Dungeon
 11221 | D:10     | Noticed a hill giant
 11249 | D:10     | Killed a hill giant
 11249 | D:10     | Reached skill level 10 in Short Blades
 11261 | D:10     | Got a slimy ring mail
 11272 | D:10     | Identified the +0 ring mail of Pathos {rC+} (You found it on level 10 of the Dungeon)
 11379 | D:10     | Found Bifeor's Antique Armour Shop.
 11382 | D:10     | Bought a pair of steaming gloves for 209 gold pieces
 11392 | D:10     | Identified the +0 pair of gloves "Faurphukk" {MR+} (You bought it in a shop on level 10 of the Dungeon)
 11423 | D:10     | Found Caymix's Assorted Antiques.
 11427 | D:10     | Bought a scroll labeled TIUSME YDGHIT for 36 gold pieces
 11427 | D:10     | Bought a scroll labeled TITA ROTOMNUBB for 36 gold pieces
 11798 | D:10     | Noticed a skeletal warrior
 11813 | D:10     | Noticed Goblin1989's ghost (novice DsGl)
 11889 | Lair:1   | Entered Level 1 of the Lair of Beasts
 12218 | Lair:1   | Reached XP level 11. HP: 72/72 MP: 16/16
 12226 | Lair:1   | Reached ** piety under Nemelex Xobeh
 12262 | Lair:1   | Received a gift from Nemelex Xobeh
 12448 | Lair:1   | Reached skill level 10 in Dodging
 12448 | Lair:1   | Reached skill level 10 in Evocations
 12835 | Lair:1   | Received a gift from Nemelex Xobeh
 13378 | Lair:2   | Received a gift from Nemelex Xobeh
 13390 | Lair:2   | Noticed a four-headed hydra
 13413 | Lair:2   | Slain by a four-headed hydra

Vault maps used:
D:1:      lemuel_arrival_behind_the_door_large
D:2:      first_bread
D:3:      minmay_goblin_kobold_castle, marbit_many_paths, serial_undead,
          serial_undead_d, serial_undead_c, serial_undead_f, serial_undead_a,
          uniq_sigmund, uniq_iyjb, uniq_terence
D:4:      solitary_fountain, minmay_strange_pillars, uniq_edmund
D:5:      grunt_temple_overflow_open, serial_shops, kennysheep_mini
D:6:      serial_shops, shop, uniq_crazy_yiuf_cottage
D:7:      amethyst_overflow_temple_binary, minmay_temple_entry_large_hall,
          uniq_duvessa
D:8:      minmay_lair_entry_lava, serial_shops, shop_fountains, shop_statue,
          shop
D:9:      kennysheep_ying_yang, serial_shops, shop, minmay_orc_keep
D:10:     david_orc_2, serial_shops, shop, nicolae_shop_stone,
          nicolae_shop_behind_doors, nicolae_shop_trees, grunt_pakellas_mercury
Temple:   circular_temple_13
Lair:1:   nicolae_quartered_pool_medium, guppyfry_lair_drakes
Lair:2:   forest_paths

Skill      XL: |  1  2  3  4  5  6  7  8  9 10 11 |
---------------+----------------------------------+-----
Short Blades   | 2 3 4 5 6 8 10 | 10.9
Evocations     | 4 5 6 7 8 9 10 | 10.4
Fighting       | 2 3 4 5 7 8 9 |  9.5
Dodging        | 3 4 5 6 8 9 10 | 10.5
Stealth        | |  1.3

Action                   |  1- 3 |  4- 6 |  7- 9 | 10-12 || total
-------------------------+-------+-------+-------+-------++-------
Melee: Short sword       |   148 |   298 |   444 |       ||   890
       Dagger            |       |       |   328 |   645 ||   973
Evoke: Wand              |     1 |     7 |    11 |     6 ||    25
       Deck              |       |       |       |     1 ||     1
  Use: Scroll            |     1 |       |     9 |    10 ||    20
       Potion            |       |     2 |       |       ||     2
 Stab: Sleeping          |     4 |     2 |     6 |     5 ||    17
       Distracted        |       |       |       |     1 ||     1
  Eat: Chunk             |     9 |     5 |    27 |    20 ||    61
